Map: Fields of Death

Players

CrucialNug

  • Race: Terran Terran
  • League: Master
  • Spawn Location: 7:00

Dreamer - Winner!

  • Race: Terran Terran
  • Spawn Location: 12:00

Blademaster

  • Race: Terran Terran
  • Spawn Location: 6:00

llllllllllll - Winner!

  • Race: Terran Terran
  • Spawn Location: 12:00

VOD

Have the link to the VOD?

Description

Time

  • Played on: April 2, 2017, 3:19 a.m.
  • Length: 15:42
Show
View Real Time Build Order
Export as new Build Order

CrucialNug Terran 

Build Orders: Cyclone Opening, Reaper Expand, MMM Bio 

Get SALT Encoding   

  12  0:00  SCV  
  13  0:13  SCV  
  14  0:17  Supply Depot  
  14  0:25  SCV  
  15  0:29  Refinery  
  15  0:39  SCV  
  16  0:47  Barracks  
  16  0:51  SCV  
  17  1:03  SCV  
  18  1:15  SCV  
  19  1:34  Reaper, Orbital Command  
  20  1:47  Command Center  
  20  1:54  Factory  
  20  1:59  SCV  
  21  2:02  Refinery  
  21  2:07  Barracks Reactor  
  21  2:12  SCV  
  22  2:18  Supply Depot  
  22  2:24  SCV  
  23  2:40  SCV  
  24  2:47  Marine x2, Cyclone  
  28  2:52  SCV  
  28  2:54  Starport  
  29  2:59  Orbital Command  
  29  3:04  SCV  
  29  3:05  Marine  
  31  3:06  Marine  
  32  3:16  SCV  
  32  3:19  Cyclone  
  36  3:25  SCV  
  37  3:28  Supply Depot  
  37  3:29  Marine x2  
  39  3:35  Medivac  
  39  3:38  SCV  
  39  3:39  SCV  
  43  3:47  Marine x2  
  45  3:51  Factory Tech Lab  
  45  3:53  SCV x2  
  45  3:54  Supply Depot  
  47  3:58  Engineering Bay  
  47  4:05  SCV x2  
  49  4:11  Viking  
  49  4:14  Siege Tank  
  54  4:22  SCV x2  
  56  4:25  Supply Depot, Missile Turret  
  56  4:32  Barracks  
  56  4:44  SCV  
  55  4:53  SCV  
  55  4:54  Command Center, Refinery  
  55  4:59  Barracks Tech Lab  
  54  5:01  Viking  
  54  5:04  Viking  
  58  5:07  SCV x2  
  60  5:15  Siege Tank  
  60  5:19  SCV x2  
  60  5:21  Barracks Reactor  
  65  5:23  Barracks  
  65  5:31  Marine, SCV, Stimpack  
  65  5:33  SCV  
  68  5:41  Refinery  
  68  5:44  SCV  
  68  5:45  SCV  
  68  5:47  Supply Depot  
  70  5:53  Supply Depot  
  70  5:54  Viking  
  70  5:57  SCV x2  
  68  5:59  Marine x3  
  64  6:09  SCV  
  64  6:10  SCV  
  51  6:18  Barracks Reactor, Siege Tank  
  51  6:21  SCV  
  51  6:22  SCV  
  51  6:33  SCV  
  51  6:34  SCV  
  51  6:36  Orbital Command  
  53  6:44  Marine x2  
  53  6:45  Marine, SCV  
  53  6:46  SCV  
  58  6:54  Marine x2  
  58  6:57  SCV  
  58  6:58  SCV  
  58  6:59  Engineering Bay  
  62  7:02  Marine  
  62  7:04  Viking  
  62  7:05  Viking  
  62  7:08  SCV  
  68  7:09  SCV  
  68  7:10  SCV  
  68  7:14  Barracks  
  70  7:16  Barracks  
  70  7:21  SCV  
  71  7:29  Marine  
  71  7:30  Terran Infantry Armor Level 1, Terran Infantry Weapons Level 1, Orbital Command  
  71  7:31  Combat Shields  
  71  7:33  SCV  
  71  7:34  SCV  
  74  7:41  Marine x2  
  74  7:42  Marine  
  77  7:46  SCV  
  77  7:47  SCV  
  75  7:51  Marine x2  
  75  7:55  Siege Tank  
  75  7:57  SCV  
  79  7:59  Marine, SCV  
  79  8:02  Marine x2  
  79  8:04  Barracks Reactor  
  83  8:05  Barracks Reactor  
  83  8:06  SCV  
  83  8:09  SCV  
  83  8:10  Supply Depot  
  83  8:12  Supply Depot  
  85  8:16  Marine  
  85  8:17  Medivac x2  
  85  8:18  SCV  
  85  8:19  SCV  
  92  8:20  Supply Depot  
  92  8:21  Refinery  
  92  8:22  SCV  
  93  8:28  Armory  
  93  8:31  Marine, Siege Tank, SCV  
  93  8:32  Marine x2, Supply Depot  
  93  8:33  SCV  
  101  8:36  Supply Depot  
  101  8:37  Supply Depot  
  101  8:38  Marine x2, Supply Depot, SCV  
  101  8:40  Marine x2  
  106  8:42  Marine  
  106  8:43  SCV  
  106  8:45  SCV  
  109  8:49  Marine  
  109  8:50  Medivac x2  
  114  8:56  Supply Depot, SCV  
  114  9:00  Marine x3, SCV  
  114  9:01  Marine, Refinery  
  120  9:03  Marine x2  
  120  9:05  Supply Depot  
  120  9:09  SCV  
  123  9:14  Marine  
  123  9:15  Marine x2  
  123  9:16  Siege Tank  
  129  9:18  Marine x3  
  129  9:23  Marine x3  
  135  9:25  Terran Infantry Weapons Level 2, Terran Infantry Armor Level 2, SCV  
  135  9:28  Supply Depot  
  135  9:29  Supply Depot, Terran Vehicle Weapons Level 1  
  135  9:33  Marine  
  135  9:35  SCV  
  135  9:37  Marine x3  
  135  9:38  Marine, Supply Depot  
  141  9:42  Marine x2  
  143  9:45  Marine x2  
  143  9:48  Supply Depot, SCV  
  143  9:49  Supply Depot  
  143  9:52  Marine  
  147  9:55  Marine x2  
  147  9:56  SCV  
  150  10:03  Marine x2, Siege Tank, Supply Depot  
  155  10:16  Marine x2  
  155  10:17  Marine x2  
  155  10:19  Supply Depot  
  148  10:21  Marine  
  148  10:22  Marine  
  148  10:23  Marine x2  
  148  10:24  SCV  
  148  10:26  Marine  
  153  10:34  Marine x2  
  153  10:35  SCV  
  138  10:36  Marine  
  138  10:37  Marine, SCV  
  138  10:42  Marine x2  
  134  11:03  Marine x3, Command Center  
  134  11:04  Siege Tank, Command Center  
  135  11:15  Marine  
  135  11:17  Marine x3  
  135  11:18  Marine  
  140  11:22  Marine x2  
  140  11:24  Medivac  
  144  11:36  Siege Tank  
  142  11:42  Terran Infantry Weapons Level 3  
  142  11:45  Marine  
  142  11:46  Marine x4  
  147  11:51  Marine x2  
  147  11:52  Medivac  
  151  11:58  Marine  
  152  12:02  Marine  
  152  12:03  Marine  
  140  12:09  Marine x3  
  140  12:11  Marine x2  
  140  12:12  Siege Tank  
  140  12:14  Marine  
  149  12:20  Terran Infantry Armor Level 3  
  144  12:30  Orbital Command  
  144  12:32  Marine  
  140  12:37  Marine x2  
  140  12:38  Marine x2  
  140  12:43  Marine  
  145  12:56  Marine x4  
  145  12:58  Marine  
  150  13:00  Marine x2  
  150  13:02  Marine x2  
  121  13:13  Medivac  
  121  13:14  Marine x4  
  121  13:15  Marine  
  126  13:28  Marine  
  127  13:34  Refinery  
  127  13:36  Marine x3  
  127  13:39  Command Center  
  122  13:51  Marine x5  
  122  13:52  Marine  
  122  13:54  Marine  
  124  14:00  Liberator  
  123  14:03  Marine  
  123  14:04  Marine  
  123  14:09  Marine x5  
  125  14:10  Marine  
  125  14:12  Marine  
  127  14:21  Marine  
  119  14:25  Siege Tank  
  114  14:49  Marine x5  
  118  15:05  Marine  
  114  15:09  Marine x2  
  107  15:20  Marine x2  
  107  15:21  Marine  
Show
View Real Time Build Order
Export as new Build Order

Dreamer Terran - Winner!

Build Orders: Reaper Expand, MMM Bio 

Get SALT Encoding   

  12  0:00  SCV  
  13  0:13  SCV  
  14  0:18  Supply Depot  
  14  0:25  SCV  
  14  0:28  Refinery  
  15  0:39  SCV  
  16  0:44  Barracks  
  16  0:51  SCV  
  17  1:04  SCV  
  18  1:16  SCV  
  19  1:31  Reaper  
  19  1:32  Orbital Command  
  20  1:44  Command Center  
  20  1:54  Supply Depot  
  20  1:58  SCV  
  21  2:04  Reaper  
  22  2:11  Barracks, SCV  
  23  2:21  Barracks  
  23  2:23  SCV  
  24  2:35  SCV  
  25  2:47  SCV  
  25  2:49  Refinery  
  26  2:52  Factory  
  26  2:59  SCV  
  26  3:00  Barracks Tech Lab  
  26  3:01  Orbital Command  
  26  3:04  Barracks Reactor  
  27  3:11  SCV  
  28  3:23  SCV  
  28  3:25  Marine x2  
  28  3:26  Stimpack  
  29  3:28  SCV  
  30  3:36  SCV  
  30  3:39  Starport  
  30  3:40  Factory Reactor  
  31  3:41  Marine  
  31  3:43  Marine x2  
  31  3:44  SCV  
  31  3:47  Marine  
  31  3:48  SCV  
  37  3:56  SCV  
  37  3:59  Marine  
  37  4:01  Marine x2, SCV  
  42  4:03  Supply Depot  
  42  4:05  Marine  
  42  4:06  Supply Depot  
  42  4:08  SCV  
  44  4:13  SCV  
  45  4:17  Marine  
  46  4:24  Marine x3, Factory Tech Lab, Medivac x2  
  46  4:25  SCV  
  46  4:28  SCV  
  55  4:34  Marine  
  55  4:37  Supply Depot, SCV  
  57  4:40  SCV  
  57  4:42  Marine x2  
  57  4:43  Marine  
  61  4:49  SCV  
  61  4:52  Supply Depot  
  62  4:59  Siege Tank, SCV  
  66  5:01  SCV  
  66  5:06  Marine  
  66  5:07  Marine, Barracks Reactor  
  68  5:11  SCV  
  68  5:12  Refinery  
  68  5:13  Refinery  
  68  5:14  SCV  
  71  5:21  Command Center  
  71  5:23  SCV  
  71  5:26  SCV  
  73  5:30  Marine x2  
  73  5:31  Combat Shields  
  73  5:32  Marine  
  77  5:35  SCV  
  77  5:37  Barracks  
  77  5:38  Barracks, SCV  
  78  5:56  Marine  
  78  5:57  SCV  
  78  6:03  Marine x2, SCV  
  77  6:10  Siege Tank  
  77  6:13  Marine x2  
  77  6:15  Marine  
  77  6:16  Medivac x2  
  75  6:19  Engineering Bay  
  75  6:20  Marine, Engineering Bay  
  75  6:21  Marine  
  75  6:23  SCV  
  76  6:26  Barracks Reactor x2  
  76  6:31  Marine x2  
  78  6:33  Marine  
  78  6:34  Orbital Command  
  78  6:35  SCV  
  78  6:37  Supply Depot x2  
  78  6:38  Marine x2  
  82  6:42  Siege Tank  
  85  6:47  Terran Infantry Weapons Level 1  
  85  6:49  Marine x2  
  85  6:53  Terran Infantry Armor Level 1  
  87  6:56  Marine x2  
  87  7:00  Marine  
  87  7:01  Orbital Command, Medivac  
  90  7:06  Marine  
  93  7:13  Barracks x2  
  93  7:14  Marine, Siege Tank  
  93  7:15  Marine, SCV  
  100  7:30  SCV  
  100  7:31  Marine x2  
  100  7:32  Medivac  
  100  7:34  SCV x2  
  106  7:42  SCV  
  107  7:44  Command Center  
  107  7:46  SCV  
  100  7:55  Marine x2  
  100  7:56  Marine x4  
  100  7:57  Siege Tank, Medivac  
  103  7:58  SCV x2  
  103  8:01  SCV  
  103  8:02  Armory, Medivac  
  107  8:10  SCV x2  
  109  8:12  Missile Turret  
  109  8:14  Missile Turret  
  109  8:15  Missile Turret  
  109  8:17  Missile Turret  
  109  8:19  Missile Turret  
  109  8:23  Barracks Reactor  
  109  8:24  Barracks Reactor  
  109  8:30  Armory  
  109  8:31  Supply Depot  
  109  8:37  Supply Depot  
  109  8:39  Supply Depot  
  109  8:41  Refinery  
  109  8:42  Refinery  
  109  8:49  Sensor Tower  
  109  8:53  Marine x5, SCV x3  
  109  8:54  Terran Infantry Weapons Level 2, Terran Infantry Armor Level 2  
  117  8:55  Marine  
  117  8:59  Siege Tank  
  117  9:02  Terran Vehicle Weapons Level 1  
  121  9:04  Marine  
  121  9:05  SCV x3, Orbital Command  
  125  9:14  Marine x2  
  127  9:25  Marine x6  
  127  9:26  Medivac  
  127  9:27  Marine x2  
  127  9:28  Marine  
  138  9:33  Factory  
  138  9:35  Marine x2  
  138  9:36  Marine x2, Factory  
  142  9:38  Supply Depot x2  
  142  9:39  Supply Depot  
  142  9:40  Supply Depot  
  142  9:43  Marine x2  
  142  9:45  SCV x2  
  146  9:46  Marine x2  
  148  9:54  Orbital Command  
  148  9:59  Marine x3  
  85  10:00  Siege Tank, Medivac  
  148  10:02  Marine x3  
  147  10:25  Marine x4  
  147  10:26  Marine x2  
  151  10:31  Widow Mine  
  141  10:38  Marine x2  
  141  10:40  Marine  
  141  10:41  Marine x3  
  141  10:42  Medivac x2  
  135  10:44  Factory Tech Lab x2  
  133  10:52  Marine x3  
  133  10:56  Marine x2, Terran Vehicle Weapons Level 2  
  138  11:13  Marine x2  
  138  11:14  Marine x3, Command Center, Medivac x2  
  138  11:15  Terran Infantry Weapons Level 3, Siege Tank  
  150  11:23  Marine  
  150  11:24  Marine x2  
  152  11:26  Marine x2  
  153  11:35  Marine  
  153  11:38  Marine x2  
  153  11:39  Marine x2  
  154  11:42  Marine x2, Siege Tank x2  
  154  11:44  Medivac  
  167  11:47  Siege Tank  
  159  12:05  Marine x6  
  159  12:06  Marine x3  
  159  12:07  Marine x3  
  133  12:09  SCV  
  133  12:12  Marine  
  133  12:14  Siege Tank  
  118  12:20  Terran Infantry Armor Level 3  
  118  12:22  Siege Tank, Medivac x2  
  125  12:23  Marine x7, Siege Tank  
  125  12:24  Marine x2  
  125  12:25  Marine x3  
  135  12:30  Marine  
  136  12:40  Refinery x2  
  136  12:41  Marine x8, Command Center  
  136  12:42  Marine x2  
  136  12:43  Marine x2  
  148  12:46  Siege Tank  
  148  12:47  Marine  
  148  12:50  Command Center  
  152  12:58  Marine x2  
  152  12:59  Marine x3  
  152  13:02  Marine x2  
  152  13:04  Siege Tank, Medivac x2  
  162  13:05  Siege Tank  
  162  13:06  Marine  
  162  13:11  Marine x2  
  162  13:12  Marine  
  143  13:14  Marine x2  
  143  13:16  Marine x2  
  143  13:18  Siege Tank  
  150  13:26  Marine x4  
  150  13:27  Marine  
  154  13:30  Marine  
  154  13:33  Marine x2  
  158  13:34  Medivac  
  158  13:35  Medivac  
  158  13:36  Siege Tank  
  158  13:37  Siege Tank  
  168  13:46  Marine x3  
  170  13:49  Marine  
  170  13:50  Marine  
  170  13:52  Marine x2  
  170  13:53  Marine x2  
  176  14:01  Marine x2  
  176  14:03  Marine  
  176  14:04  Marine  
  176  14:05  Medivac  
  176  14:08  Missile Turret  
  180  14:11  Missile Turret  
  180  14:17  Siege Tank x2, Medivac  
  188  14:25  Marine  
  188  14:26  Marine x2  
  188  14:27  Planetary Fortress  
  190  14:33  Marine  
  190  14:34  Marine x3  
  190  14:37  Marine  
  195  14:55  Marine x2  
  183  15:07  Marine x7  
  171  15:08  Siege Tank, Medivac  
  171  15:10  Marine x3, Siege Tank x2  
  189  15:18  Marine x2  
  189  15:19  Marine  
Show
View Real Time Build Order
Export as new Build Order

Blademaster Terran 

Build Orders: Hellion Opening, Mech 

Get SALT Encoding   

  12  0:00  SCV  
  13  0:13  SCV  
  14  0:17  Supply Depot  
  14  0:25  SCV  
  15  0:29  Refinery  
  15  0:39  SCV  
  16  0:45  Barracks  
  16  0:51  SCV  
  17  1:03  SCV  
  18  1:15  SCV  
  20  1:32  Reaper, Orbital Command  
  20  1:45  Command Center  
  20  1:56  Factory  
  20  1:59  SCV  
  21  2:08  Barracks Reactor  
  21  2:11  SCV  
  21  2:12  Refinery  
  21  2:15  Supply Depot  
  22  2:23  SCV  
  23  2:36  SCV  
  23  2:50  Starport  
  23  2:51  SCV  
  24  2:53  Barracks Tech Lab  
  24  2:54  Hellion x2  
  24  2:58  Orbital Command  
  28  3:03  SCV  
  29  3:15  SCV  
  29  3:21  Hellion x2  
  29  3:25  SCV  
  34  3:27  SCV  
  34  3:31  Barracks Reactor  
  34  3:33  Supply Depot  
  35  3:37  SCV  
  35  3:39  SCV, Raven  
  39  3:47  Supply Depot  
  39  3:49  SCV  
  39  3:51  SCV  
  43  3:56  Hellion  
  43  3:57  Hellion  
  43  4:01  SCV  
  46  4:03  SCV  
  47  4:13  SCV  
  47  4:15  SCV  
  49  4:19  Supply Depot  
  49  4:25  SCV  
  49  4:27  SCV  
  49  4:28  Hellion  
  49  4:29  Factory, Hellion  
  49  4:31  Factory  
  55  4:32  Supply Depot  
  55  4:38  SCV  
  56  4:40  Viking, SCV  
  56  4:43  Viking  
  61  4:50  SCV  
  61  4:52  SCV  
  63  4:59  Supply Depot  
  63  5:02  SCV  
  63  5:03  Refinery x2  
  63  5:04  SCV  
  66  5:14  SCV  
  66  5:15  Viking x2  
  66  5:16  SCV  
  71  5:23  Supply Depot  
  71  5:26  SCV  
  71  5:28  SCV  
  71  5:30  Factory Tech Lab  
  69  5:38  SCV  
  69  5:40  SCV  
  71  5:45  Viking  
  73  5:50  SCV  
  73  5:52  SCV  
  73  5:54  Siege Tank  
  73  5:55  Siege Tank  
  81  5:57  Command Center  
  81  5:58  Hellion  
  81  5:59  Hellion  
  81  6:03  SCV  
  86  6:04  SCV  
  87  6:15  SCV  
  87  6:16  SCV  
  83  6:20  Viking x2  
  83  6:24  Hellion x2  
  91  6:27  Siege Tank  
  91  6:29  SCV  
  95  6:38  Supply Depot  
  95  6:39  Supply Depot  
  96  6:40  SCV  
  96  6:46  SCV  
  96  6:50  Viking x2  
  96  6:52  SCV  
  101  6:58  Armory x2, SCV  
  102  7:04  SCV  
  102  7:05  Siege Tank  
  106  7:10  SCV, Hellion x2  
  111  7:16  SCV  
  111  7:17  Supply Depot  
  111  7:19  Engineering Bay  
  113  7:22  SCV  
  113  7:25  Viking  
  113  7:28  SCV  
  116  7:34  SCV  
  117  7:39  Siege Tank, Viking  
  117  7:40  SCV  
  123  7:47  Terran Vehicle And Ship Armor Level 1, SCV, Terran Vehicle Weapons Level 1  
  124  7:52  Hellion  
  124  7:55  Hellion  
  124  7:57  SCV  
  125  8:01  SCV  
  126  8:09  Refinery  
  126  8:10  Refinery  
  126  8:15  Supply Depot x2  
  126  8:26  Factory x2  
  126  8:36  Siege Tank, Viking x2, SCV x2  
  126  8:37  Hellion x2  
  126  8:39  Orbital Command  
  139  8:48  SCV x2  
  141  8:49  Siege Tank  
  141  8:54  Missile Turret  
  144  8:56  Missile Turret  
  144  8:58  Hellion  
  144  8:59  Hellion  
  150  9:06  Supply Depot x2  
  150  9:08  Siege Tank  
  149  9:10  Viking x2  
  151  9:18  Factory Tech Lab  
  151  9:20  Sensor Tower  
  151  9:21  Siege Tank, Factory Reactor  
  151  9:22  Hellion x2  
  157  9:34  Command Center  
  157  9:40  Siege Tank, Hellion  
  157  9:45  Infernal Pre-Igniter  
  160  9:50  Viking x2, Hellion x2  
  168  9:56  Supply Depot  
  168  9:57  Missile Turret  
  168  9:58  Supply Depot, Missile Turret  
  168  10:11  Siege Tank x2, Hellion x2  
  176  10:18  Siege Tank, Hellion x2  
  183  10:30  Sensor Tower  
  179  10:43  Siege Tank, Hellion x3  
  188  10:53  Terran Vehicle And Ship Armor Level 2, Terran Vehicle Weapons Level 2  
  188  10:58  Viking  
  186  11:09  Refinery x2  
  186  11:14  Siege Tank x2  
  186  11:15  Hellion x4  
  200  11:24  Starport  
  200  11:25  Starport  
  200  11:54  Starport  
  200  11:55  Starport  
  200  11:59  Viking  
  200  12:06  Hellion x2  
  157  12:16  Siege Tank x2  
  157  12:17  Starport Tech Lab, Hellion x3  
  169  12:23  Hellion x8  
  169  12:26  Viking  
  167  12:31  Starport Tech Lab  
  167  12:32  Starport Tech Lab  
  163  12:37  Viking  
  163  12:38  Siege Tank, Viking  
  147  12:56  Viking  
  149  12:59  Siege Tank x2  
  149  13:00  Hellion x4  
  163  13:07  Viking  
  163  13:08  Viking  
  163  13:10  Siege Tank, Viking  
  162  13:28  Hellion  
  162  13:31  Siege Tank  
  162  13:32  Hellion x2  
  171  13:34  Viking  
  175  13:43  Viking  
  177  13:53  Siege Tank  
  177  13:54  Siege Tank  
  183  13:55  Starport Tech Lab  
  171  14:06  Liberator x4  
  155  14:53  SCV  
  155  14:54  Siege Tank x2, Hellion  
  155  14:59  Orbital Command  
  142  15:19  Hellion  
Show
View Real Time Build Order
Export as new Build Order

llllllllllll Terran - Winner!

Build Orders: Reaper Expand, Mech 

Get SALT Encoding   

  12  0:01  SCV  
  13  0:13  SCV  
  14  0:19  Supply Depot  
  14  0:25  SCV  
  15  0:28  Refinery  
  15  0:41  SCV  
  16  0:46  Barracks  
  16  0:53  SCV  
  17  1:05  SCV  
  18  1:17  SCV  
  19  1:34  Reaper, Orbital Command  
  20  1:45  Command Center  
  20  1:56  Factory  
  20  2:00  SCV  
  21  2:05  Refinery  
  21  2:12  Barracks Reactor, SCV  
  22  2:16  Supply Depot  
  22  2:24  SCV  
  23  2:38  SCV  
  23  2:41  Starport  
  23  2:44  Factory Tech Lab  
  23  2:48  Marine x2  
  23  2:50  SCV  
  26  2:57  Orbital Command  
  26  3:05  Siege Tank  
  29  3:08  SCV  
  30  3:12  Marine  
  30  3:13  Marine  
  30  3:17  Supply Depot  
  32  3:24  Viking  
  34  3:28  SCV  
  34  3:29  SCV  
  36  3:43  SCV x2  
  36  3:44  Refinery  
  36  3:45  Siege Tank  
  41  3:49  Supply Depot  
  41  3:58  SCV x2  
  43  4:08  Viking x2  
  47  4:13  SCV x2  
  47  4:15  Supply Depot  
  49  4:18  Marine  
  50  4:25  Siege Tank  
  50  4:28  SCV x2  
  50  4:30  Refinery  
  55  4:35  Marine  
  56  4:46  Supply Depot  
  56  4:47  SCV x2  
  56  4:48  Supply Depot  
  58  4:56  Viking  
  58  4:59  Viking  
  62  5:07  Siege Tank  
  62  5:12  SCV x2  
  67  5:20  Command Center  
  67  5:21  Barracks Reactor  
  67  5:29  SCV x2  
  67  5:32  Viking x2  
  73  5:41  Siege Tank  
  76  5:44  SCV, Supply Depot  
  77  5:54  SCV  
  78  5:58  Armory  
  78  6:01  Factory  
  78  6:04  Barracks Tech Lab  
  78  6:05  Supply Depot, SCV  
  79  6:15  Viking  
  79  6:16  Viking  
  79  6:17  SCV x2  
  85  6:31  Siege Tank  
  89  6:32  SCV  
  89  6:33  SCV  
  89  6:35  Supply Depot  
  89  6:46  Factory  
  89  6:47  Viking x2  
  90  6:49  Barracks Reactor  
  90  6:51  Terran Vehicle Weapons Level 1  
  90  7:03  SCV x2  
  90  7:07  Siege Tank, Hellion x2  
  99  7:14  Refinery  
  99  7:15  Refinery  
  97  7:23  Orbital Command  
  97  7:31  Supply Depot, Hellion x2  
  101  7:37  Viking x2, Factory  
  101  7:39  Factory, Hellion x3  
  101  7:41  SCV  
  101  7:42  SCV  
  113  7:55  SCV  
  114  8:03  Hellion x3  
  114  8:04  Siege Tank, Hellion  
  123  8:07  Viking  
  123  8:09  Supply Depot  
  123  8:11  SCV x2  
  125  8:14  Supply Depot  
  125  8:23  Factory Tech Lab  
  125  8:24  Engineering Bay  
  125  8:30  Siege Tank  
  125  8:31  Hellion x2  
  132  8:36  Hellion  
  132  8:37  Supply Depot  
  132  8:39  Supply Depot  
  132  8:40  Supply Depot  
  134  8:48  Siege Tank, Infernal Pre-Igniter  
  137  8:49  Terran Vehicle Weapons Level 2  
  137  8:57  Sensor Tower  
  137  8:59  SCV  
  137  9:00  SCV  
  139  9:02  Supply Depot  
  139  9:03  Viking  
  139  9:05  Viking  
  143  9:11  Siege Tank  
  143  9:12  Hellion  
  148  9:22  Supply Depot  
  148  9:24  Hellion x3  
  154  9:29  Siege Tank  
  154  9:30  Supply Depot  
  157  9:32  Siege Tank  
  157  9:37  SCV x3  
  161  9:46  Siege Tank  
  161  9:47  Hellion x2  
  161  9:49  SCV x2  
  170  9:56  Hellion x17  
  170  10:01  SCV x2  
  170  10:02  SCV  
  170  10:03  Command Center  
  170  10:04  Supply Depot  
  173  10:20  Orbital Command  
  171  10:45  Siege Tank x2, Missile Turret x3  
  171  10:46  Siege Tank, Hellbat x2  
  171  10:49  SCV x3  
  187  10:59  Viking x2  
  187  11:01  SCV  
  192  11:17  Siege Tank  
  192  11:18  Siege Tank, Hellbat x2  
  198  11:29  Viking  
  198  11:30  Terran Vehicle Weapons Level 3  
  200  11:45  Armory  
  200  11:49  Starport  
  200  11:50  Starport  
  200  12:03  Hellbat x2  
  200  12:05  Command Center  
  196  12:12  Refinery  
  196  12:14  Refinery  
  196  12:18  Siege Tank  
  199  12:37  Planetary Fortress  
  195  12:47  Siege Tank x2, Hellbat  
  195  12:50  Starport Reactor, Starport Tech Lab  
  195  12:51  Terran Vehicle And Ship Armor Level 1  
  200  13:16  Fusion Core  
  200  13:19  Refinery  
  200  13:23  Planetary Fortress, Refinery  
  200  13:31  Command Center x2  
  200  13:33  Command Center  
  200  14:00  Viking x4  
  200  14:01  Viking  
  186  14:28  Hi-Sec Auto Tracking  
  186  14:30  Viking x4  
  190  14:35  Thor x2  
  194  14:50  Orbital Command  
  194  14:52  Orbital Command x2  
  194  15:05  Viking x3  
Tags
 
Add a new tag
Caveats
  • Supply blocks, unpowered buildings, or Contaminate may cause inaccurate times.
  • Supply counts are checked every 10 seconds.